 Dungeon Crawl Stone Soup version 0.19-a0-1326-gee3fcf6 (webtiles) character file.

773 LORDOFBUTT the Shield-Bearer (level 8, -5/59 (62) HPs)
             Began as a Formicid Fighter on Sept 1, 2016.
             Slain by Prince Ribbit (13 damage)
             ... on level 5 of the Dungeon.
             The game lasted 00:04:02 (3625 turns).

LORDOFBUTT the Shield-Bearer (Formicid Fighter)     Turns: 3625, Time: 00:04:03

HP:   -5/59 (62)    AC:  7    Str: 20    XL:     8   Next: 9%
MP:   8/8           EV: 10    Int:  9    God:
Gold: 161           SH: 10    Dex: 12    Spells: 0 memorised, 7 levels left

rFire  . . .     SeeInvis +     a - +1 war axe
rCold  . . .     Gourm    .     b - +0 scale mail
rNeg   . . .     Faith    .     c - +0 shield
rPois  .         Spirit   .     (helmet unavailable)
rElec  .         Dismiss  .     (no cloak)
rCorr  .         Reflect  .     (no gloves)
MR     .....     Harm     .     (no boots)
Stlth  ..........               (no amulet)
                                (no ring)
                                (no ring)

@: very slightly contaminated, invisible
A: permanent stasis, dig shafts and tunnels, four strong arms, antennae 3
a: Dig, Shaft Self


You were on level 5 of the Dungeon.
You were not hungry.

You visited 1 branch of the dungeon, and saw 5 of its levels.

You collected 161 gold pieces.

Inventory:

Hand Weapons
 a - a +1 war axe (weapon)
Armour
 b - a +0 scale mail (worn)
 c - a +0 shield (worn)
Jewellery
 h - a -3 ring of intelligence
 j - an uncursed ring of magical power
 k - an uncursed ring of see invisible
 r - an uncursed amulet of regeneration
Scrolls
 d - 3 scrolls of remove curse
 e - a scroll of identify
 q - 3 scrolls of teleportation {unknown}
 u - a scroll of recharging {unknown}
Potions
 f - 4 potions of curing
 g - a potion of flight
 i - a potion of lignification
 l - a potion of invisibility
 n - 5 potions of agility {unknown}
 o - a potion of might
 t - a potion of brilliance {unknown}
 v - 2 potions of berserk rage {unknown}
Books
 s - a book of Summonings

   Spells                             Type                      Level
   a - Recall                         Summoning/Translocation      3
   b - Aura of Abjuration             Summoning                    5
   c - Summon Demon                   Summoning                    5
   d - Summon Forest                  Summoning/Translocation      5
   e - Summon Mana Viper              Hexes/Summoning              5
   f - Shadow Creatures               Summoning                    6
Comestibles
 m - 2 bread rations
 p - 2 meat rations
 w - 3 fruits


   Skills:
 + Level 5.0 Fighting
 + Level 4.2 Axes
 + Level 5.1 Armour
 + Level 2.7 Dodging
 + Level 1.6 Stealth
 + Level 6.1 Shields


You had 7 spell levels left.
You didn't know any spells.

Dungeon Overview and Level Annotations

Branches:
Dungeon (5/15)
 Temple: D:4-7

Altars:

Annotations:
D:5 Prince Ribbit


Innate Abilities, Weirdness & Mutations

You are under a permanent stasis effect.
You can dig through walls and to a lower floor.
Your four strong arms can wield two-handed weapons with a shield.
You have a pair of large antennae on your head. (SInv)


Message History

Prince Ribbit hits you but does no damage.
You closely miss Prince Ribbit.
Prince Ribbit is lightly wounded.
Prince Ribbit hits you but does no damage.
Prince Ribbit hits you!
You closely miss Prince Ribbit.
Prince Ribbit is lightly wounded.
Prince Ribbit barely misses you.
Prince Ribbit blinks!
Prince Ribbit blinks!
Prince Ribbit says, "You're just another fly to me."
You fade into invisibility!
Prince Ribbit hits you!
* * * LOW HITPOINT WARNING * * *
You are very lightly contaminated with residual magic.
Your shield and scale mail prevent you from hitting Prince Ribbit.
Prince Ribbit catches a butterfly with his tongue.
Prince Ribbit barely misses you. Prince Ribbit hits you!
* * * LOW HITPOINT WARNING * * *
You closely miss Prince Ribbit. Prince Ribbit hits you!
You die...

........# #.
#........# #(
#........# ##
#........#
##........#
.........#
#.#.##.#(#
########.#.##.#.#
#....@F....#....#
#..........#....#
#...............#
#..........#....#
#...............#
############...##
#...# #####


You could see Prince Ribbit.

Vanquished Creatures
  Sigmund (D:5)
  A phantom (D:4)
  A necrophage (D:5)
  An ogre (D:4)
  The ghost of demibob the Cudgeler, an amateur DsCK of Xom (D:3)
  An orc wizard (D:3)
  A worker ant (D:4)
  A hound zombie (D:5)
  A hound skeleton (D:5)
  A gnoll (D:1)
  6 adders
  3 oozes
  A worm (D:2)
  4 dart slugs
  4 giant geckos
  10 orcs
  6 giant cockroaches
  8 goblins
  8 hobgoblins
  14 jackals
  12 kobolds
  A quokka (D:4)
  10 bats
  8 rats
105 creatures vanquished.

Notes
Turn   | Place    | Note
-------+----------+-------------------------------------------
     0 | D:1      | LORDOFBUTT the Formicid Fighter began the quest for the Orb.
     0 | D:1      | Reached XP level 1. HP: 18/18 MP: 1/1
    26 | D:1      | Reached XP level 2. HP: 20/24 MP: 2/2
    84 | D:1      | Reached skill level 4 in Shields
   150 | D:1      | Reached XP level 3. HP: 28/30 MP: 3/3
   462 | D:1      | Reached XP level 4. HP: 37/37 MP: 4/4
  1220 | D:2      | Reached XP level 5. HP: 26/42 MP: 5/5
  1541 | D:2      | Reached skill level 1 in Dodging
  1884 | D:3      | Reached skill level 5 in Shields
  2011 | D:3      | Noticed demibob's ghost (amateur DsCK)
  2027 | D:3      | Killed demibob's ghost
  2027 | D:3      | Reached XP level 6. HP: 29/48 MP: 6/6
  2455 | D:4      | Noticed a phantom
  2481 | D:4      | Killed a phantom
  2481 | D:4      | Reached XP level 7. HP: 30/54 MP: 7/7
  2936 | D:4      | Reached skill level 1 in Stealth
  2992 | D:5      | Entered Level 5 of the Dungeon
  3023 | D:5      | Noticed Sigmund
  3038 | D:5      | Killed Sigmund
  3038 | D:5      | Reached skill level 5 in Fighting
  3038 | D:5      | Reached skill level 5 in Armour
  3038 | D:5      | Reached skill level 6 in Shields
  3038 | D:5      | Reached XP level 8. HP: 48/59 MP: 8/8
  3607 | D:5      | Noticed Prince Ribbit
  3625 | D:5      | Slain by Prince Ribbit

Vault maps used:
D:1:      minmay_arrival_four_loops, st_stairs_9, minmay_small_reverse_x
D:2:      feat_on_display
D:3:      first_bread
D:4:      serial_glass, glass_columns_c, glass_columns_a, glass_columns_b,
          glass_columns_b
D:5:      uniq_sigmund, uniq_prince_ribbit1

Skill      XL: |  1  2  3  4  5  6  7 |
---------------+----------------------+-----
Shields        | 4 5 6 |  6.1
Armour         | 4 5 |  5.1
Dodging        | 1 2 |  2.7
Fighting       | 4 5 |  5.0
Axes           | 3 4 |  4.2
Stealth        | 1 |  1.6

Action                   |  1- 3 |  4- 6 |  7- 9 || total
-------------------------+-------+-------+-------++-------
Melee: War axe           |    67 |   207 |    77 ||   351
  Use: Scroll            |       |     6 |     1 ||     7
       Potion            |       |     1 |     2 ||     3
  Eat: Chunk             |       |     2 |       ||     2
       Bread ration      |       |     1 |       ||     1
       Fruit             |       |       |     5 ||     5
       Beef jerky        |       |       |     1 ||     1
Armor: Scale mail        |    21 |   104 |    34 ||   159
Dodge: Dodged            |    27 |    71 |    31 ||   129
Block: Shield            |    33 |   131 |    42 ||   206
